 Dungeon Crawl Stone Soup version 0.23.2-40-g277498a001 (webtiles) character file.

Game seed: 12483003060612784731

301 Emblim88 the Skirmisher (level 6, -3/57 HPs)
             Began as a Minotaur Monk on Oct 19, 2019.
             Slain by a gnoll
             ... wielding a +2 flail of crushing
              (8 damage)
             ... on level 4 of the Dungeon.
             The game lasted 00:04:14 (3187 turns).

Emblim88 the Skirmisher (Minotaur Monk)             Turns: 3187, Time: 00:04:14

Health: -3/57      AC:  5    Str: 17    XL:     6   Next: 14%
Magic:  5/5        EV: 12    Int:  8    God:
Gold:   134        SH:  3    Dex: 12    Spells: 5/5 levels left

rFire    . . .     SeeInvis .   a - +0 falchion
rCold    . . .     Gourm    .   j - +0 buckler
rNeg     + . .     Faith    .   l - +0 ring mail
rPois    .         Spirit   .   (helmet restricted)
rElec    .         Reflect  .   (no cloak)
rCorr    .         Harm     +   (no gloves)
MR       .....                  (no boots)
Stlth    +.........             o - amulet of harm
HPRegen  0.19/turn              f - ring of positive energy
MPRegen  0.09/turn              (no ring)

@: glowing
A: retaliatory headbutt, horns 2
a: no special abilities


You were on level 4 of the Dungeon.
You were not hungry.

You visited 1 branch of the dungeon, and saw 4 of its levels.

You collected 134 gold pieces.

Inventory:

Hand Weapons
 a - a +0 falchion (weapon)
Armour
 j - a +0 buckler (worn)
 l - a +0 ring mail (worn)
Jewellery
 f - a ring of positive energy (left hand)
 o - an amulet of harm (around neck)
Scrolls
 b - a scroll of enchant weapon
 h - 3 scrolls of remove curse
 i - a scroll of amnesia
 k - a scroll of identify
 n - a scroll of teleportation
Potions
 d - 2 potions of heal wounds {unknown}
 e - a potion of might
 m - 3 potions of lignification {unknown}
Comestibles
 c - 4 rations


   Skills:
 + Level 5.6 Fighting
 + Level 5.5 Long Blades
 + Level 5.1 Dodging
 - Level 1.5 Stealth
 + Level 0.8 Shields


You had 5 spell levels left.
You didn't know any spells.
Your spell library was empty.

Dungeon Overview and Level Annotations

Branches:
Dungeon (4/15)
 Temple: D:4-7

Altars:
Kikubaaqudgha
Yredelemnul


Innate Abilities, Weirdness & Mutations

You reflexively headbutt those who attack you in melee.
You have a pair of horns on your head.


Message History

The gnoll hits you with a +2 flail of crushing.
You block the gnoll's attack.
You barely miss the gnoll.
The gnoll is moderately wounded.
The gnoll hits you with a +2 flail of crushing.
The gnoll hits you with a +1 whip of electrocution!
The adder barely misses you.
You hit the gnoll.
The gnoll is severely wounded.
The adder bites you.
The gnoll hits you with a +1 whip of electrocution.
* * * LOW HITPOINT WARNING * * *
You are electrocuted!
* * * LOW HITPOINT WARNING * * *
The gnoll barely misses you.
You feel better. The adder bites you but does no damage.
The gnoll hits you with a +1 whip of electrocution.
* * * LOW HITPOINT WARNING * * *
The gnoll hits you with a +2 flail of crushing!
You die...

##... .... ...#
..# . ..#
...####.###.###
...............
#.<# #@.#
#.?...gSg......
...#.....#.....
#.#.###.##...
#. .# ⌠. .# #
.# .## . .# #.
.# #


You could see 2 gnolls and an adder.

Vanquished Creatures
  2 vampire bats (D:3)
  A gnoll shaman (D:4)
  3 gnolls (D:4)
  An adder (D:2)
  3 oozes (D:3)
  5 worms
  7 dart slugs (D:1)
  3 leopard geckos
  2 orcs (D:3)
  A ball python (D:1)
  14 bats
  3 bat skeletons (D:3)
  2 bat zombies (D:3)
  3 giant cockroaches
  2 gnoll zombies (D:3)
  9 hobgoblins
  11 jackals
  15 kobolds
  A quokka (D:3)
  10 goblins
  12 rats
110 creatures vanquished.

Notes
Turn   | Place    | Note
-------+----------+-------------------------------------------
     0 | D:1      | Emblim88 the Minotaur Monk began the quest for the Orb.
     0 | D:1      | Reached XP level 1. HP: 19/19 MP: 0/0
    27 | D:1      | Reached XP level 2. HP: 13/27 MP: 1/1
   489 | D:1      | Reached XP level 3. HP: 30/33 MP: 2/2
  1495 | D:2      | Reached XP level 4. HP: 41/41 MP: 3/3
  2393 | D:3      | Reached skill level 5 in Fighting
  2420 | D:3      | Found an ancient bone altar of Kikubaaqudgha.
  2428 | D:3      | Reached skill level 5 in Long Blades
  2428 | D:3      | Reached XP level 5. HP: 32/48 MP: 4/4
  3101 | D:3      | Found a basalt altar of Yredelemnul.
  3175 | D:4      | Reached skill level 5 in Dodging
  3177 | D:4      | Reached XP level 6. HP: 55/56 MP: 5/5
  3186 | D:4      | HP: 2/57 [gnoll/+1 whip of electrocution (14)]
  3187 | D:4      | Slain by a gnoll

Skill      XL: |  1  2  3  4  5 |
---------------+----------------+-----
Fighting       | 4 5 |  5.6
Long Blades    | 4 5 |  5.5
Dodging        | 4 5 |  5.1
Stealth        | |  1.5
Shields        | |  0.8

Action                   |  1- 3 |  4- 6 || total
-------------------------+-------+-------++-------
Melee: Falchion          |    85 |   119 ||   204
       Headbutt          |    20 |    39 ||    59
  Use: Scroll            |     4 |     5 ||     9
       Potion            |       |     1 ||     1
 Stab: Sleeping          |     3 |       ||     3
       Distracted        |       |     1 ||     1
  Eat: Ration            |     1 |     1 ||     2
       Chunk             |       |     2 ||     2
Armor: Robe              |    15 |       ||    15
       Ring mail         |     3 |    47 ||    50
Dodge: Dodged            |    65 |    89 ||   154
Block: Buckler           |     3 |    22 ||    25
       Rpst.: Falchion   |    15 |    31 ||    46
